AoeStats
← RIO1000

Arabia

507194866Analyzed
2v2 RM · 16d ago on Sep 17, 2026· 46m 41s· 4 players
Game mode
Random Map
Map size
Medium (4 player)
Population
200
Speed
Normal
Resources
Standard
Victory
Conquest
Starting age
Dark Age
Ending age
Imperial Age
RankedLock teamsTeams togetherTeam positionsShared explorationLock speedFull tech treeHidden civsTurbo modeCheats
Victory
Defeat
🇨🇴 Persians · Colombia
1060
+16
🇨🇴 Britons · Colombia
1051
+16
🇦🇷 Hindustanis · Argentina
1097
-17
🇲🇽 Magyars · Mexico
1027
-15
ZIZKA
3:33 Loom
9:23 Feudal Age
10:28 Double-Bit Axe
11:58 Horse Collar
17:47 Wheelbarrow
21:27 Castle Age
19:42 Gold Mining
20:24 Bloodlines
21:05 Scale Barding Armor
22:30 Chain Barding Armor
23:05 Bow Saw
23:45 Forging
24:22 Town Watch
25:37 Husbandry
25:07 Pikeman
25:47 Squires
26:15 Scale Mail Armor
27:25 Chain Mail Armor
31:51 Iron Casting
34:02 Hand Cart
34:56 Gold Shaft Mining
41:28 Imperial Age
43:27 Plate Mail Armor
46:28 Plate Barding Armor
Neop
6:27 Loom
9:57 Feudal Age
20:27 Fletching
25:26 Castle Age
26:46 Crossbowman
27:23 Horse Collar
27:36 Gold Mining
27:34 Double-Bit Axe
28:21 Bodkin Arrow
30:10 Wheelbarrow
30:37 Bow Saw
33:28 Heavy Plow
36:40 Ballistics
40:16 Imperial Age
40:23 Heavy Cavalry Archer
RIO1000
8:25 Loom
11:02 Feudal Age
11:37 Double-Bit Axe
11:36 Horse Collar
15:19 Man-at-Arms
20:52 Castle Age
21:16 Gold Mining
22:49 Bow Saw
22:36 Fletching
22:49 Husbandry
24:02 Bloodlines
27:53 Scale Barding Armor
32:19 Chain Barding Armor
38:42 Gold Shaft Mining
38:15 Heavy Plow
EL FAT BARASNO
3:03 Loom
11:12 Feudal Age
14:25 Horse Collar
14:35 Double-Bit Axe
21:35 Scale Barding Armor
21:41 Forging
21:27 Gold Mining
23:52 Castle Age
22:17 Bloodlines
24:23 Wheelbarrow
25:00 Chain Barding Armor
25:29 Husbandry
26:08 Iron Casting
32:46 Hand Cart
32:19 Town Watch
32:54 Light Cavalry
34:23 Bow Saw
38:46 Imperial Age
40:52 Two-Man Saw
39:21 Heavy Camel Rider
41:24 Chemistry
Connection lost

Rejoining the realm…

Still unreachable

The connection could not be restored.

Session expired

The server has moved on; the page needs a fresh start.